 Dungeon Crawl Stone Soup version 0.23.2-40-g277498a001 (webtiles) character file.

Game seed: 432992707176221128

2257 Folks the Conjurer (level 8, -7/57 HPs)
             Began as a Demigod Conjurer on Aug 17, 2019.
             Mangled by a two-headed ogre
             ... wielding a +0 giant club
              (30 damage)
             ... on level 7 of the Dungeon.
             The game lasted 00:23:28 (7420 turns).

Folks the Conjurer (Demigod Conjurer)               Turns: 7420, Time: 00:23:29

Health: -7/57      AC:  3    Str: 11    XL:     8   Next: 93%
Magic:  5/19       EV: 12    Int: 23    God:
Gold:   307        SH:  0    Dex: 16    Spells: 3/17 levels left

rFire    . . .     SeeInvis .   O - +2 scimitar
rCold    . . .     Gourm    .   (no shield)
rNeg     . . .     Faith    .   a - +0 robe
rPois    .         Spirit   .   (no helmet)
rElec    .         Reflect  .   D - +0 cloak
rCorr    .         Harm     .   (no gloves)
MR       .....                  (no boots)
Stlth    ++........             (no amulet)
HPRegen  0.19/turn              H - ring of flight
MPRegen  0.16/turn              (no ring)

@: very slightly contaminated
A: high mp 1
a: Evoke Flight


You were on level 7 of the Dungeon.
You were hungry.

You visited 1 branch of the dungeon, and saw 7 of its levels.

You collected 307 gold pieces.

Inventory:

Hand Weapons
 b - a +0 short sword
 e - a +0 club
 t - a +0 battleaxe
 y - a +1 whip of electrocution
 z - a +2 dagger of venom
 G - a +2 rapier of venom
 O - a +2 scimitar (weapon)
Missiles
 l - 2 exploding tomahawks (quivered)
Armour
 a - a +0 robe (worn)
 f - a +0 buckler
 D - a +0 cloak (worn)
 J - a +0 pair of boots of stealth
Jewellery
 i - an uncursed amulet of faith
 n - an uncursed amulet of harm {unknown}
 H - a ring of flight (left hand)
Wands
 F - a wand of random effects (18)
 L - a wand of digging (10)
 M - a wand of acid (9)
Scrolls
 g - a scroll of fog
 j - 4 scrolls of remove curse
 k - 2 scrolls of enchant weapon
 o - a scroll of magic mapping {unknown}
 p - a scroll of amnesia
 r - 2 scrolls of teleportation
 v - a scroll of fear
 x - a scroll of immolation
 A - a scroll of random uselessness
 B - a scroll of noise {unknown}
 K - a scroll of blinking {unknown}
Potions
 d - 2 potions of curing
 h - 2 potions of cancellation {unknown}
 m - 2 potions of brilliance {unknown}
 q - a potion of lignification {unknown}
 s - a potion of degeneration {unknown}
 u - 2 potions of heal wounds
 w - 2 potions of flight
 C - a potion of invisibility {unknown}
 E - 2 potions of resistance {unknown}
 I - a potion of haste {unknown}
 N - a potion of might {unknown}
Comestibles
 c - 17 rations
 P - a chunk of flesh


   Skills:
 + Level 1.9 Armour
 - Level 1.7 Dodging
 - Level 1.7 Stealth
 - Level 5.3 Spellcasting
 * Level 6.8 Conjurations
 + Level 6.5 Hexes
 + Level 2.9 Translocations


You had 3 spell levels left.
You knew the following spells:

 Your Spells              Type           Power        Failure   Level  Hunger
a - Magic Dart            Conj           ####         1%          1    None
b - Searing Ray           Conj           #####.       1%          2    None
c - Dazzling Spray        Conj/Hex       #####.       1%          3    ##.....
d - Fulminant Prism       Conj/Hex       #####.....   6%          4    ####...
e - Force Lance           Conj/Tloc      ####....     12%         4    ####...

Your spell library contained the following spells:

 Spells                   Type           Power        Failure   Level  Hunger
 Iskenderun's Mystic Bla  Conj           #####...     5%          4    ####...


Dungeon Overview and Level Annotations

Branches:
Dungeon (7/15)             Temple (0/1) D:7

Shops:
D:4 =

Annotations:
D:7 Harold


Innate Abilities, Weirdness & Mutations

You have an increased reservoir of magic. (+10% MP)


Message History

The lance of force misses the two-headed ogre.
You are feeling hungry.
Casting: Force Lance (safe; 12% risk of failure)
Confirm with . or Enter, or press ? or * to list all spells.
Aiming: Force Lance (safe; 12% risk of failure)
Press: ? - help, Shift-Dir - straight line, f/p - two-headed ogre
Aim: a two-headed ogre, wielding two +0 giant clubs The lance of force hits the two-headed ogre.
The two-headed ogre is lightly wounded.
The two-headed ogre hits you with a +0 giant club! x2
Casting: Force Lance (safe; 12% risk of failure)
Confirm with . or Enter, or press ? or * to list all spells.
Aiming: Force Lance (safe; 12% risk of failure)
Press: ? - help, Shift-Dir - straight line, f/p - two-headed ogre
Aim: a two-headed ogre, wielding two +0 giant clubs (lightly wounded)
The lance of force hits the two-headed ogre but does no damage.
The two-headed ogre is lightly wounded.
The two-headed ogre hits you with a +0 giant club!!
Ouch! That really hurt!
You die...

##...# #..#
...8.8####..#
.........#...#
.........#..#####
.8.......8..#....
.....8.........#
.8.......8.#####
........O###
..8.....@#
.##8.8..##
#####<># ##.# ###


You could see a two-headed ogre.

Vanquished Creatures
  Eustachio (D:4)
  A yak (D:6)
  Menkaure (D:7)
  An orc warrior (D:6)
  2 sky beasts
  A phantom (D:6)
  A centaur (D:6)
  2 bullfrogs
  A scorpion (D:6)
  3 wights (D:6)
  3 howler monkeys
  2 crimson imps
  3 hounds (D:5)
  A quasit (D:5)
  2 orc priests (D:6)
  A jelly (D:4)
  A centaur skeleton (D:6)
  A bullfrog skeleton (D:6)
  3 iguanas
  Natasha (D:3)
  8 orc wizards
  3 worker ants
  9 adders
  3 gnolls
  2 oozes (D:3)
  3 worms
  A dart slug (D:1)
  3 leopard geckos
  35 orcs
  5 giant cockroaches
  7 hobgoblins
  5 jackals
  10 bats
  3 frilled lizards
  12 goblins
  2 jackal zombies (D:5)
  7 kobolds
  10 rats
160 creatures vanquished.

Vanquished Creatures (others)
  13 fulminant prisms
13 creatures vanquished.

Grand Total: 173 creatures vanquished

Notes
Turn   | Place    | Note
-------+----------+-------------------------------------------
     0 | D:1      | Folks the Demigod Conjurer began the quest for the Orb.
     0 | D:1      | Reached XP level 1. HP: 14/14 MP: 5/5
   513 | D:1      | Reached XP level 2. HP: 20/20 MP: 7/7
   819 | D:1      | Learned a level 2 spell: Searing Ray
  1234 | D:2      | Reached XP level 3. HP: 26/26 MP: 1/9
  1318 | D:2      | Learned a level 3 spell: Dazzling Spray
  1629 | D:2      | Found a shimmering altar of Xom.
  2114 | D:3      | Reached skill level 1 in Hexes
  2114 | D:3      | Reached XP level 4. HP: 21/33 MP: 1/11
  2418 | D:3      | Found a white marble altar of Elyvilon.
  2868 | D:3      | Reached XP level 5. HP: 35/38 MP: 5/13
  3202 | D:3      | Noticed Natasha
  3210 | D:3      | Killed Natasha
  3531 | D:3      | Reached XP level 6. HP: 16/45 MP: 0/14
  3537 | D:3      | Learned a level 4 spell: Fulminant Prism
  3899 | D:4      | Found Osoprogh's Jewellery Shoppe.
  4123 | D:4      | Noticed Eustachio
  4143 | D:4      | Killed Eustachio
  4463 | D:4      | Reached skill level 5 in Conjurations
  4793 | D:5      | Entered Level 5 of the Dungeon
  4829 | D:5      | Reached XP level 7. HP: 50/50 MP: 9/16
  5330 | D:5      | Reached skill level 5 in Hexes
  5449 | D:5      | Learned a level 4 spell: Force Lance
  5863 | D:6      | Reached skill level 1 in Translocations
  5903 | D:6      | Reached XP level 8. HP: 57/57 MP: 8/18
  5909 | D:6      | Reached skill level 5 in Spellcasting
  6715 | D:6      | Reached skill level 1 in Armour
  7196 | D:6      | Found an ancient bone altar of Kikubaaqudgha.
  7250 | D:7      | Found a staircase to the Ecumenical Temple.
  7253 | D:7      | Noticed Menkaure
  7254 | D:7      | Noticed Harold
  7257 | D:7      | Killed Menkaure
  7407 | D:7      | Noticed a two-headed ogre
  7420 | D:7      | Mangled by a two-headed ogre

Skill      XL: |  1  2  3  4  5  6  7  8 |
---------------+-------------------------+-----
Spellcasting   | 2 3 4 5 |  5.3
Conjurations   | 4 5 6 |  6.8
Hexes          | 1 3 4 5 6 |  6.5
Translocations | 1 2 |  2.9
Armour         | 1 |  1.9
Dodging        | |  1.7
Stealth        | |  1.7

Action                   |  1- 3 |  4- 6 |  7- 9 || total
-------------------------+-------+-------+-------++-------
Melee: Short sword       |    60 |     4 |       ||    64
       Club              |     4 |       |       ||     4
       Unarmed           |     3 |       |       ||     3
       Battleaxe         |       |    25 |       ||    25
       Dagger            |       |    26 |       ||    26
       Rapier            |       |     2 |    23 ||    25
       Scimitar          |       |       |    15 ||    15
 Cast: Magic Dart        |    39 |     7 |     7 ||    53
       Searing Ray       |    10 |    23 |    28 ||    61
       Dazzling Spray    |     1 |     8 |     7 ||    16
       Fulminant Prism   |       |     1 |    12 ||    13
       Force Lance       |       |       |    13 ||    13
Evoke: Wand              |       |       |     2 ||     2
  Use: Scroll            |       |     1 |    10 ||    11
       Potion            |       |     2 |     1 ||     3
 Stab: Sleeping          |     2 |     1 |       ||     3
       Invisible         |     1 |       |       ||     1
  Eat: Chunk             |     4 |    10 |     8 ||    22
       Ration            |       |       |     1 ||     1
Armor: Robe              |    14 |    22 |    22 ||    58
Dodge: Dodged            |    51 |    62 |    72 ||   185
       Rpst.: Scimitar   |       |       |    12 ||    12
